 Dungeon Crawl Stone Soup version 0.21.1-1-g345015fe64 (webtiles) character file.

581 Mrkan the Skirmisher (level 7, 0/62 HPs)
             Began as a Minotaur Fighter on May 6, 2018.
             Was an Initiate of Ru.
             Slain by an iguana (6 damage)
             ... on level 4 of the Dungeon.
             The game lasted 00:06:15 (4111 turns).

Mrkan the Skirmisher (Minotaur Fighter)             Turns: 4111, Time: 00:06:16

Health: 0/62       AC:  7    Str: 25    XL:     7   Next: 14%
Magic:  6/6        EV:  8    Int:  5    God:    Ru [......]
Gold:   115        SH: 11    Dex: 12    Spells: 6/6 levels left

rFire    . . .     SeeInvis .   a - +0 war axe
rCold    . . .     Gourm    .   c - +0 shield
rNeg     . . .     Faith    .   b - +0 scale mail
rPois    .         Spirit   .   (helmet restricted)
rElec    .         Reflect  .   (no cloak)
rCorr    .         Harm     .   (no gloves)
MR       .....                  (no boots)
Stlth    ..........             (no amulet)
HPRegen  0.20/turn              (no ring)
MPRegen  0.10/turn              (no ring)

@: mighty
A: retaliatory headbutt, horns 2
a: Renounce Religion


You were on level 4 of the Dungeon.
You worshipped Ru.
Ru was noncommittal.
You were not hungry.

You visited 1 branch of the dungeon, and saw 4 of its levels.

You collected 115 gold pieces.

Inventory:

Hand Weapons
 a - a +0 war axe (weapon)
Armour
 b - a +0 scale mail (worn)
 c - a +0 shield (worn)
Jewellery
 i - an uncursed amulet of regeneration {unknown}
 q - an uncursed ring of stealth {unknown}
 t - an uncursed amulet of guardian spirit {unknown}
 y - the ring "Diru" {Str+2 Stlth+, unknown}
   (You found it on level 4 of the Dungeon)

   [ring of stealth]

   It affects your strength (+2).
   It makes you more stealthy.
Wands
 u - a wand of iceblast (9)
Scrolls
 e - 5 scrolls of teleportation {unknown}
 l - a scroll of noise {unknown}
 n - 5 scrolls of identify {unknown}
 p - 3 scrolls of blinking {unknown}
 r - a scroll of amnesia {unknown}
 s - 4 scrolls of magic mapping {unknown}
 x - 2 scrolls of fog {unknown}
Potions
 g - 2 potions of agility {unknown}
 h - a potion of invisibility {unknown}
 j - a potion of cancellation {unknown}
 k - 2 potions of berserk rage {unknown}
 m - 4 potions of brilliance {unknown}
 o - 2 potions of mutation {unknown}
 v - 2 potions of curing {unknown}
 w - 2 potions of magic {unknown}
Comestibles
 f - 11 rations


   Skills:
 + Level 5.9 Fighting
 + Level 5.1 Axes
 + Level 5.8 Armour
 + Level 5.8 Shields


You had 6 spell levels left.
You didn't know any spells.

Dungeon Overview and Level Annotations

Branches:
Dungeon (4/15)
 Temple: D:4-7

Altars:
Dithmenos
Nemelex Xobeh
Ru

Shops:
D:4 %


Innate Abilities, Weirdness & Mutations

You reflexively headbutt those who attack you in melee.
You have a pair of horns on your head.


Message History

You barely miss the iguana. You hit the hound but do no damage.
You block the hound's attack. The iguana bites you!
You block the hound's attack.
You closely miss the iguana. Your headbutt misses the iguana.
You hit the hound. The hound closely misses you. You furiously retaliate!
You headbutt the hound, but do no damage.
The iguana bites you! The hound barely misses you. You furiously retaliate!
You headbutt the hound!
You kill the hound!
You barely miss the iguana. The iguana bites you!
* * * LOW HITPOINT WARNING * * *
The iguana bites you.
* * * LOW HITPOINT WARNING * * *
You slash the iguana!
You headbutt the iguana, but do no damage.
The iguana is severely wounded.
You block the iguana's attack.
You feel very mighty all of a sudden. The iguana bites you.
You die...

##.### #...#
##..# #...#
##.## ##..##
##.## ##...##
##.#####.....#
#...#.......##
##....####...##
#..### #.....##
....## #@.....#
. #.....
#.l†....# .
####..
#.......# #
#... #.......##
#
##...........#
# ..........# .
...#........ .
..##......... .


You could see an iguana.

Vanquished Creatures
  An ice beast (D:2)
  An ogre (D:4)
  2 scorpions (D:4)
  2 hounds (D:4)
  An iguana (D:4)
  Ijyb (D:3)
  A hound skeleton (D:4)
  Robin (D:2)
  6 adders
  3 oozes
  A worm (D:4)
  3 dart slugs (D:1)
  4 leopard geckos
  3 orcs (D:4)
  5 bats
  3 giant cockroaches
  15 goblins
  10 hobgoblins
  5 jackals (D:3)
  A quokka (D:3)
  3 frilled lizards
  A jackal skeleton (D:4)
  8 kobolds
  12 rats
93 creatures vanquished.

Notes
Turn   | Place    | Note
-------+----------+-------------------------------------------
     0 | D:1      | Mrkan the Minotaur Fighter began the quest for the Orb.
     0 | D:1      | Reached XP level 1. HP: 19/19 MP: 0/0
   172 | D:1      | Reached XP level 2. HP: 25/27 MP: 1/1
   510 | D:1      | Reached XP level 3. HP: 26/33 MP: 2/2
   998 | D:2      | Noticed Robin
  1010 | D:2      | Killed Robin
  1010 | D:2      | Reached XP level 4. HP: 17/41 MP: 3/3
  1321 | D:2      | Noticed an ice beast
  1332 | D:2      | HP: 2/41 [ice beast (6)]
  1334 | D:2      | Killed an ice beast
  1334 | D:2      | Reached XP level 5. HP: 3/47 MP: 4/4
  1662 | D:2      | Reached skill level 5 in Fighting
  1945 | D:2      | Found a shadowy altar of Dithmenos.
  2279 | D:3      | Reached skill level 5 in Armour
  2284 | D:3      | Noticed Ijyb
  2292 | D:3      | Reached skill level 5 in Shields
  2308 | D:3      | Killed Ijyb
  2426 | D:3      | Reached XP level 6. HP: 56/56 MP: 5/5
  2910 | D:3      | Found a sacrificial altar of Ru.
  2920 | D:3      | Became a worshipper of Ru the Awakened
  2959 | D:4      | Found Axzudyepn's Food Shop.
  3468 | D:4      | Found a sparkling altar of Nemelex Xobeh.
  3508 | D:4      | Got a glittering lead ring
  3727 | D:4      | Reached skill level 5 in Axes
  3727 | D:4      | Reached XP level 7. HP: 41/62 MP: 6/6
  4111 | D:4      | Slain by an iguana

Skill      XL: |  1  2  3  4  5  6 |
---------------+-------------------+-----
Fighting       | 4 5 |  5.9
Armour         | 4 5 |  5.8
Axes           | 3 4 5 |  5.1
Shields        | 4 5 |  5.8

Action                   |  1- 3 |  4- 6 |  7- 9 || total
-------------------------+-------+-------+-------++-------
Melee: War axe           |    91 |   114 |     7 ||   212
       Headbutt          |    15 |    27 |     1 ||    43
  Use: Potion            |       |       |     1 ||     1
  Eat: Chunk             |       |     4 |       ||     4
       Ration            |       |     2 |       ||     2
Armor: Scale mail        |    50 |    57 |     1 ||   108
Dodge: Dodged            |    33 |    37 |     5 ||    75
Block: Shield            |    43 |    80 |     6 ||   129
